 Dungeon Crawl Stone Soup version 0.21-a0-91-ga5031da (webtiles) character file.

22 Lavandula the Vexing (level 2, -1/21 HPs)
             Began as a Mummy Arcane Marksman on June 29, 2017.
             Slain by Natasha (2 damage)
             ... on level 2 of the Dungeon.
             The game lasted 00:03:03 (515 turns).

Lavandula the Vexing (Mummy Arcane Marksman)         Turns: 515, Time: 00:03:04

Health: -1/21      AC:  2    Str: 13    XL:     2   Next: 68%
Magic:  4/4        EV: 12    Int: 12    God:
Gold:   38         SH:  0    Dex: 12    Spells: 2/3 levels left

rFire    . . .     SeeInvis .   a - +0 hand crossbow
rCold    . . .     Gourm    .   (no shield)
rNeg     + + +     Faith    .   e - +0 robe
rPois    ∞         Spirit   .   (no helmet)
rElec    .         Reflect  .   (no cloak)
rCorr    .         Harm     .   (no gloves)
MR       .....                  (no boots)
Stlth    +.........             (no amulet)
HPRegen  0.07/turn              b - ring of poison resistance
MPRegen  0.09/turn              g - ring of fire

@: no status effects
A: no food or potions, fire vulnerability, cold resistance 1, negative energy
resistance 3, torment resistance, unbreathing
a: no special abilities


You were on level 2 of the Dungeon.
You were not hungry.

You visited 1 branch of the dungeon, and saw 2 of its levels.

You collected 38 gold pieces.

Inventory:

Hand Weapons
 a - a +0 hand crossbow (weapon)
 j - a +0 dagger
 m - a +0 mace
 o - a +0 spear
Missiles
 d - 10 bolts (quivered)
 i - 3 sling bullets
 l - 5 needles of sleeping
Armour
 e - a +0 robe (worn)
Jewellery
 b - a ring of poison resistance (left hand)
 g - a ring of fire (right hand)
Scrolls
 f - a scroll of enchant weapon
 h - a scroll of remove curse {unknown}
 k - 2 scrolls of amnesia
 n - a scroll of magic mapping
Books
 c - a book of Debilitation

   Spells                             Type                      Level
   a - Corona                         Hexes                        1
   b - Slow                           Hexes                        2
   c - Inner Flame                    Hexes/Fire                   3
   d - Portal Projectile              Hexes/Translocation          3
   e - Cause Fear                     Hexes                        4
   f - Leda's Liquefaction            Hexes/Earth                  4


   Skills:
 - Level 1.0 Fighting
 + Level 2.5 Crossbows
 - Level 1.6 Dodging
 - Level 1.3 Spellcasting
 - Level 2.8 Hexes


You had 2 spell levels left.
You knew the following spells:

 Your Spells              Type           Power        Failure   Level  Hunger
a - Corona                Hex            #......      9%          1    N/A

Dungeon Overview and Level Annotations

Branches:
Dungeon (2/15)

Altars:

Annotations:
D:2 Natasha


Innate Abilities, Weirdness & Mutations

You do not eat or drink.
Your flesh is vulnerable to fire.
You are immune to poison.
Your flesh is cold resistant. (rC+)
You are immune to negative energy. (rN+++)
You are immune to unholy pain and torment.
You can survive without breathing.


Message History

Firing (i - inventory):
d - 13 bolts (quivered)
Press: ? - help, Shift-Dir - straight line, f/p - Natasha
Aim: Natasha (severely wounded)
You shoot a bolt. The bolt barely misses Natasha.
Natasha closely misses you.
Firing (i - inventory):
d - 12 bolts (quivered)
Press: ? - help, Shift-Dir - straight line, f/p - Natasha
Aim: Natasha (severely wounded)
You shoot a bolt. The bolt hits Natasha.
Natasha is severely wounded.
Natasha casts a spell.
Natasha claws you!
* * * LOW HITPOINT WARNING * * *
Firing (i - inventory):
d - 11 bolts (quivered)
Press: ? - help, Shift-Dir - straight line, f/p - Natasha
Aim: Natasha (severely wounded)
You shoot a bolt.
The bolt hits Natasha but does no damage.
Natasha is severely wounded.
Natasha claws you.
You die...

#..((.(# #..$...#
#......# #.....(.
#......#
##.....(#
.......h# ... #@#
.... #5#
.....##.####.#.
...............
.....##.####...
#### #.# #####.#
.####.....####.#
.................


You could see Natasha and a crimson imp.

Vanquished Creatures
  A worm (D:2)
  A dart slug (D:1)
  A leopard gecko (D:1)
  A giant cockroach (D:1)
  2 goblins (D:1)
  3 hobgoblins (D:1)
  2 bats
  2 frilled lizards (D:1)
  4 rats (D:1)
17 creatures vanquished.

Notes
Turn   | Place    | Note
-------+----------+-------------------------------------------
     0 | D:1      | Lavandula the Mummy Arcane Marksman began the quest for the Orb.
     0 | D:1      | Reached XP level 1. HP: 15/15 MP: 2/2
   212 | D:1      | Reached XP level 2. HP: 21/21 MP: 4/4
   508 | D:2      | Noticed Natasha
   514 | D:2      | HP: 1/21 [Natasha (8)]
   515 | D:2      | Noticed a crimson imp
   515 | D:2      | Slain by Natasha

Vault maps used:
D:1:      elethiomel_arrival_maze
D:2:      guppyfry_early_orc_mine, uniq_natasha

Skill      XL: |  1 |
---------------+----+-----
Crossbows      | 2 |  2.5
Fighting       | |  1.0
Dodging        | |  1.6
Spellcasting   | |  1.3
Hexes          | |  2.8

Action                   || total
-------------------------++-------
Melee: Dagger            ||     8
       Spear             ||     1
 Fire: Hand crossbow     ||    31
 Cast: Corona            ||     3
  Use: Scroll            ||     3
Armor: Robe              ||     6
Dodge: Dodged            ||    17
